AoeStats
← Kuytan

Nomad

510807981Analyzed
2v2 RM · 12h ago on Oct 2, 2026· 57m 47s· 4 players
Game mode
Random Map
Map size
176×176
Population
200
Speed
Normal
Resources
Standard
Victory
Conquest
Starting age
Dark Age
Ending age
Imperial Age
RankedLock teamsTeams togetherTeam positionsShared explorationLock speedFull tech treeHidden civsTurbo modeCheats
Victory
Defeat
🇧🇪 Vikings · Belgium
1268
+13
🇫🇷 Persians · France
1125
+18
🇸🇪 Huns · Sweden
1202
-16
🇸🇪 Burgundians · Sweden
1167
-15
Kuytan
4:08 Loom
12:45 Feudal Age
13:19 Double-Bit Axe
17:51 Castle Age
21:28 Fletching
21:49 Bow Saw
24:15 Thumb Ring
25:09 Wheelbarrow
24:41 Bodkin Arrow
25:46 Bloodlines
27:32 Horse Collar
28:25 Husbandry
30:23 Heavy Plow
31:47 Gold Mining
37:42 Imperial Age
37:51 Forging
37:47 Town Watch
38:09 Scale Barding Armor
37:49 Cavalier
42:48 Two-Man Saw
42:31 Chain Barding Armor
44:43 Pikeman
45:24 Squires
45:49 Paladin
51:55 Town Patrol
somewear
5:48 Loom
14:03 Feudal Age
18:18 Castle Age
16:05 Town Watch
22:20 Husbandry
22:18 Cavalier
23:09 Scale Barding Armor
27:53 Forging
27:24 Pikeman
28:04 Horse Collar
29:39 Squires
29:48 Scale Mail Armor
35:58 Imperial Age
36:06 Heavy Plow
38:12 Fletching
40:43 Wheelbarrow
40:46 Iron Casting
40:43 Halberdier
43:00 Paladin
45:11 Chain Barding Armor
45:25 Gold Mining
45:25 Double-Bit Axe
47:34 Plate Barding Armor
48:07 Bow Saw
51:53 Chain Mail Armor
52:46 Blast Furnace
Althing
4:57 Loom
14:13 Feudal Age
20:18 Castle Age
19:29 Stone Mining
20:11 Double-Bit Axe
21:11 Medium Warships
25:00 Elite Skirmisher
26:35 Ballistics
27:38 Fletching
27:48 Padded Archer Armor
33:58 Horse Collar
38:34 Imperial Age
37:28 Masonry
37:49 Scale Mail Armor
39:22 Forging
39:27 Chain Mail Armor
41:59 Iron Casting
43:28 Plate Mail Armor
45:43 Blast Furnace
47:41 Bodkin Arrow
49:32 Chieftains
52:25 Heavy Plow
55:47 Crossbowman
57:16 Leather Archer Armor
57:01 Bracer
57:45 Arbalester
Zal
4:40 Loom
13:15 Feudal Age
13:43 Town Watch
13:46 Double-Bit Axe
15:27 Fishing Lines
20:02 Castle Age
21:35 Wheelbarrow
20:54 Horse Collar
21:50 Medium Warships
22:17 Bloodlines
27:08 Husbandry
27:57 Bow Saw
28:54 Forging
32:31 Fletching
33:17 Iron Casting
32:14 Crossbowman
32:15 Elite Skirmisher
38:41 Imperial Age
36:24 Heavy Plow
36:52 Kamandaran
37:07 Bodkin Arrow
39:17 Ballistics
40:51 Hand Cart
40:46 Scale Barding Armor
41:11 Padded Archer Armor
40:53 Heavy Camel Rider
41:59 Thumb Ring
43:24 Masonry
44:15 Chemistry
43:45 Leather Archer Armor
44:18 Crop Rotation
46:27 Ring Archer Armor
47:14 Stone Mining
47:15 Gold Mining
48:47 Blast Furnace
48:46 Cavalier
53:47 Conscription
54:03 Hoardings
54:07 Chain Barding Armor
Connection lost

Rejoining the realm…

Still unreachable

The connection could not be restored.

Session expired

The server has moved on; the page needs a fresh start.